Map: Data-C

Players

A.I. 1 (Very Easy)

  • Race: Zerg Zerg
  • Spawn Location: 3:00

GranTurismo - Winner!

  • Race: Terran Terran
  • League: Diamond
  • Spawn Location: 9:00

VOD

Have the link to the VOD?

Description

Time

  • Played on: Dec. 4, 2022, 5:51 a.m.
  • Length: 10:24
Show
View Real Time Build Order
Export as new Build Order

A.I. 1 (Very Easy) Zerg 

Build Orders: Hatch First 

Get SALT Encoding   

  12  0:00  Drone  
  13  0:12  Overlord  
  13  0:16  Drone  
  14  0:42  Hatchery  
  13  0:45  Drone  
  14  1:05  Spawning Pool  
  14  1:06  Extractor  
  14  1:09  Drone  
  13  1:16  Drone  
  14  1:21  Overlord  
  14  1:52  Zergling x2  
  14  1:53  Queen  
  17  1:55  Zergling x2  
  18  2:02  Roach Warren  
  18  2:06  Drone  
  18  2:10  Extractor  
  18  2:13  Drone  
  18  2:18  Zergling x2  
  19  2:23  Drone  
  20  2:30  Drone  
  21  2:37  Drone  
  22  2:44  Drone  
  23  2:51  Drone  
  23  2:56  Lair  
  24  2:59  Drone  
  24  3:26  Drone  
  25  3:33  Drone  
  26  3:38  Zergling x2  
  26  3:40  Drone  
  28  3:46  Overlord  
  28  3:48  Drone  
  29  3:54  Spire  
  28  3:55  Drone  
  29  4:03  Drone  
  29  4:08  Overseer  
  30  4:10  Drone  
  30  4:14  Overseer  
  31  4:17  Drone  
  32  4:24  Drone  
  32  4:26  Overlord  
  33  4:32  Drone  
  34  4:39  Drone  
  35  4:46  Extractor, Drone  
  35  4:53  Extractor, Drone  
  35  5:00  Drone  
  35  5:05  Mutalisk  
  38  5:07  Drone  
  39  5:15  Drone  
  40  5:22  Drone  
  41  5:29  Drone  
  42  5:36  Drone  
  42  5:37  Overlord  
  43  5:43  Drone, Mutalisk  
  46  5:50  Drone  
  47  5:58  Drone  
  48  6:05  Drone  
  49  9:44  Zergling x2  
  47  9:49  Overlord, Overseer  
  47  9:58  Drone  
  39  10:06  Drone  
Show
View Real Time Build Order
Export as new Build Order

GranTurismo Terran - Winner!

Build Orders: Liberator Opening, Reaper Expand 

Get SALT Encoding   

  12  0:00  SCV  
  13  0:12  SCV  
  14  0:17  Supply Depot  
  14  0:25  SCV  
  15  0:38  SCV  
  15  0:40  Barracks  
  16  0:44  Refinery  
  16  0:51  SCV  
  17  1:04  SCV  
  18  1:16  SCV  
  19  1:27  Reaper  
  19  1:29  Orbital Command  
  20  1:40  Command Center  
  20  1:55  SCV  
  20  1:58  Supply Depot  
  21  2:04  Factory  
  21  2:06  Marine  
  21  2:08  SCV  
  23  2:16  Refinery  
  23  2:20  SCV  
  24  2:25  Barracks Reactor  
  24  2:32  SCV  
  25  2:44  SCV  
  25  2:50  Starport  
  26  2:55  Orbital Command  
  26  2:59  SCV  
  27  3:06  Hellion x2  
  27  3:08  Barracks Tech Lab  
  27  3:11  SCV  
  32  3:18  Supply Depot  
  32  3:24  SCV  
  32  3:25  SCV  
  34  3:27  Hellion x2  
  34  3:29  Liberator  
  41  3:36  SCV  
  41  3:40  Stimpack  
  42  3:48  SCV  
  43  3:49  Supply Depot, Hellion x2  
  47  3:58  SCV  
  48  4:06  SCV  
  49  4:10  SCV  
  50  4:17  Barracks  
  50  4:18  Starport Reactor  
  50  4:19  Barracks  
  50  4:22  SCV x2  
  52  4:28  Command Center  
  52  4:33  Marine  
  52  4:34  SCV x2  
  55  4:46  SCV  
  55  4:48  Engineering Bay  
  55  4:50  Refinery, SCV  
  55  4:51  Refinery, Engineering Bay  
  57  4:58  SCV  
  58  5:02  Factory Tech Lab  
  62  5:08  SCV, Marine x3  
  62  5:17  Starport Reactor  
  62  5:24  Terran Infantry Weapons Level 1, Terran Infantry Armor Level 1  
  62  5:26  Supply Depot  
  62  5:29  Supply Depot  
  62  5:32  SCV, Marine x5, Combat Shield  
  68  5:41  Siege Tank  
  71  5:50  Marine x5  
  71  5:53  Orbital Command  
  71  5:55  Medivac x2  
  80  6:02  SCV x2  
  80  6:03  Armory  
  82  6:11  Marine x5  
  83  6:14  SCV  
  83  6:15  SCV  
  89  6:22  Barracks  
  89  6:24  Orbital Command  
  89  6:26  Siege Tank  
  89  6:27  Barracks  
  89  6:28  Marine  
  89  6:29  SCV x2, Marine  
  96  6:35  Marine x3  
  96  6:39  Medivac  
  101  6:46  Supply Depot  
  101  6:48  Supply Depot  
  101  6:53  Medivac, SCV x2  
  101  6:54  SCV  
  106  6:56  Marine x3  
  109  7:08  SCV, Marine x2  
  112  7:09  SCV x2  
  112  7:14  Marine x2  
  116  7:16  Marine  
  116  7:20  Refinery x2, SCV  
  116  7:21  SCV x2  
  116  7:22  Barracks Reactor x2  
  120  7:26  Marine  
  121  7:31  Factory  
  121  7:32  SCV, Marine  
  121  7:33  Marine x2  
  125  7:41  Terran Infantry Weapons Level 2  
  125  7:45  Terran Infantry Armor Level 2  
  125  7:49  SCV, Medivac, Marine, Siege Tank  
  133  7:51  Supply Depot  
  133  7:52  Supply Depot  
  133  8:07  Command Center  
  133  8:10  Supply Depot  
  133  8:11  SCV  
  133  8:12  Marine x8  
  133  8:14  Marine  
  133  8:17  Barracks  
  133  8:19  Barracks  
  142  8:22  Barracks  
  142  8:24  SCV x2  
  142  8:26  SCV  
  145  8:30  Marine x4  
  149  8:35  Supply Depot  
  149  8:36  SCV  
  149  8:37  Supply Depot  
  149  8:39  Marine x5  
  155  8:42  SCV  
  155  8:43  SCV  
  157  8:48  Supply Depot  
  157  8:54  Starport  
  157  8:55  Starport  
  157  8:57  SCV x3, Marine x2  
  157  8:59  Supply Depot  
  157  9:02  Supply Depot  
  162  9:06  Barracks Reactor  
  162  9:07  Barracks Reactor  
  162  9:09  Barracks Tech Lab, SCV  
  163  9:10  Marine x7  
  163  9:13  SCV  
  163  9:14  SCV, Marine  
  173  9:18  Factory Tech Lab  
  173  9:21  SCV  
  173  9:22  Siege Tank  
  177  9:24  Marine  
  177  9:28  Marine x4  
  182  9:31  Starport Reactor  
  182  9:32  Starport Reactor  
  182  9:35  Marine  
  182  9:36  Marine x3  
  182  9:37  Fusion Core  
  186  9:41  Ghost Academy  
  186  9:47  Marine x10  
  196  9:53  Marine x4  
  200  10:04  Marine  
  200  10:05  Marine  
Tags
 
Add a new tag
Caveats
  • Supply blocks, unpowered buildings, or Contaminate may cause inaccurate times.
  • Supply counts are checked every 10 seconds.